Map: Bel'Shir Vestige LE (Void)

Players

Musumeci - Winner!

  • Race: Zerg Zerg
  • League: Diamond
  • Spawn Location: 5:00

leo

  • Race: Zerg Zerg
  • League: Diamond
  • Spawn Location: 11:00

VOD

Have the link to the VOD?

Description

Time

  • Played on: March 15, 2017, 5:56 a.m.
  • Length: 6:01
Show
View Real Time Build Order
Export as new Build Order

Musumeci Zerg - Winner!

Build Orders: Hatch First 

Get SALT Encoding   

  12  0:01  Drone  
  13  0:08  Drone  
  13  0:14  Extractor  
  13  0:15  Drone  
  15  0:39  Hatchery  
  14  0:47  Drone, Extractor  
  15  1:04  Spawning Pool  
  15  1:09  Extractor  
  13  1:18  Drone  
  14  1:23  Overlord  
  14  1:30  Drone, Extractor  
  15  1:36  Extractor  
  14  1:51  Spine Crawler, Queen  
  14  1:52  Zergling x2  
  16  1:55  Zergling x2  
  16  1:59  Zergling x2  
  18  2:04  Zergling x2  
  19  2:09  Zergling x2  
  19  2:14  Zergling x2  
  21  2:25  Baneling Nest  
  19  2:50  Zergling x8  
  19  2:51  Zergling x2  
  24  2:59  Metabolic Boost  
  24  3:10  Baneling  
  19  3:27  Baneling  
  19  3:40  Zergling x12  
  24  3:58  Zergling x2  
  24  3:59  Zergling x6  
  27  4:14  Zergling x2  
  28  4:17  Overlord  
  27  4:43  Zergling x2  
  27  4:44  Zergling x8  
  29  5:02  Zergling x8  
  29  5:04  Baneling  
  29  5:40  Baneling x3  
Show
View Real Time Build Order
Export as new Build Order

leo Zerg 

Build Orders: Pool Only, Zergling Baneling 

Get SALT Encoding   

  12  0:18  Spawning Pool  
  11  0:22  Drone  
  11  0:26  Drone  
  13  0:30  Extractor  
  12  0:38  Overlord  
  12  1:04  Zergling x2  
  12  1:05  Drone, Zergling x2  
  12  1:09  Queen  
  17  1:19  Drone  
  18  1:28  Drone  
  19  1:38  Zergling x2  
  20  1:43  Metabolic Boost  
  20  1:54  Baneling Nest  
  20  1:55  Drone  
  20  1:59  Drone  
  21  2:10  Overlord  
  21  2:18  Drone  
  22  2:33  Zergling x4  
  22  2:34  Zergling x2  
  24  2:43  Baneling x4  
  24  2:44  Zergling x2  
  24  2:50  Overlord  
  25  2:52  Overlord  
  25  3:05  Overlord  
  25  3:10  Zergling x4  
  26  3:22  Zergling x2  
  26  3:24  Zergling x6  
  27  3:39  Zergling x2  
  27  3:42  Zergling x2  
  27  3:55  Zergling x2  
  26  3:58  Lair  
  26  3:59  Extractor  
  25  4:07  Zergling x6  
  27  4:19  Drone  
  27  4:23  Drone  
  29  4:27  Spine Crawler  
  29  4:28  Baneling x5  
  28  4:32  Drone  
  29  4:52  Zergling x4  
  30  5:10  Zergling x4  
  32  5:20  Zergling x6  
Tags
 
Add a new tag
Caveats
  • Supply blocks, unpowered buildings, or Contaminate may cause inaccurate times.
  • Supply counts are checked every 10 seconds.